Map: 中心协议

Players

shengy - Winner!

  • Race: Zerg Zerg
  • League: Platinum

KTHoeJJa

  • Race: Zerg Zerg

VOD

Have the link to the VOD?

Description

Time

  • Played on: Dec. 25, 2015, 9:39 p.m.
  • Length: 13:04
Show
View Real Time Build Order
Export as new Build Order

shengy Zerg - Winner!

Build Orders: Pool First, Zergling Baneling 

Get SALT Encoding   

  12  0:00  Drone  
  13  0:10  Drone  
  14  0:17  Overlord  
  17  0:35  Drone x3  
  17  0:46  Spawning Pool  
  16  0:50  Drone  
  17  0:57  Drone  
  18  1:15  Hatchery  
  18  1:18  Drone  
  18  1:24  Overlord  
  18  1:34  Queen  
  18  1:37  Extractor  
  19  1:44  Zergling x2  
  19  1:45  Zergling x2  
  21  1:51  Drone  
  22  2:05  Drone  
  23  2:10  Queen  
  25  2:17  Drone  
  26  2:25  Drone  
  27  2:31  Queen  
  27  2:35  Drone x2  
  31  2:41  Overlord  
  31  2:43  Drone x2  
  31  2:44  Drone  
  34  2:53  Metabolic Boost  
  34  3:01  Drone  
  34  3:02  Drone x3  
  37  3:17  Extractor  
  36  3:20  Roach Warren  
  35  3:27  Baneling Nest, Zergling x2  
  35  3:28  Spine Crawler, Zergling x2  
  35  3:34  Zergling x2  
  35  3:35  Zergling x4  
  38  3:42  Overlord  
  38  3:43  Zergling x4  
  40  3:57  Overlord  
  40  3:59  Zergling x6  
  43  4:12  Zergling x2  
  43  4:13  Zergling x10  
  43  4:15  Baneling x3  
  43  4:16  Baneling  
  49  4:28  Overlord  
  49  4:29  Drone x2  
  51  4:49  Drone x2  
  51  4:50  Lair  
  51  4:51  Drone x3  
  56  4:55  Baneling x4  
  56  4:59  Drone  
  57  5:00  Extractor  
  51  5:40  Zergling x2  
  51  5:41  Zergling x20  
  54  5:49  Baneling x2  
  54  5:50  Baneling x2  
  54  5:54  Glial Reconstitution  
  54  5:55  Overlord x2  
  53  6:13  Roach x3  
  53  6:18  Baneling x2  
  58  6:26  Burrow  
  58  6:27  Drone x4  
  58  6:31  Overlord x2  
  58  6:32  Overlord  
  64  6:47  Roach x4  
  64  6:52  Roach x4  
  64  6:53  Evolution Chamber  
  77  7:13  Roach x5  
  87  7:18  Roach  
  89  7:25  Overseer  
  78  7:42  Roach x5  
  78  7:43  Roach x2  
  84  7:57  Roach x4  
  84  7:58  Roach x3  
  92  8:02  Roach x11  
  92  8:03  Roach  
  86  8:07  Zerg Missile Weapons Level 1  
  86  8:09  Zergling x6  
  87  8:33  Evolution Chamber  
  86  8:36  Overlord  
  86  8:37  Roach x7  
  100  8:44  Ravager  
  100  8:45  Ravager x3  
  104  8:52  Overseer  
  104  9:00  Extractor  
  103  9:04  Extractor  
  102  9:14  Hatchery  
  102  9:30  Roach  
  102  9:31  Roach x6  
  116  9:34  Zerg Ground Armor Level 1  
  114  10:03  Roach  
  114  10:04  Roach x2  
  102  10:38  Roach  
  102  10:39  Roach x5  
  102  10:40  Overlord x2  
  112  10:46  Zerg Missile Weapons Level 2  
  112  10:58  Drone x4  
  112  10:59  Drone x5  
  112  11:00  Drone  
  112  11:01  Roach x25  
  112  11:02  Ravager  
  123  11:06  Roach  
  125  11:15  Tunneling Claws  
  121  11:30  Ravager x3  
  124  11:37  Overlord x3  
  124  11:38  Overlord  
  124  11:52  Overlord x3  
  124  11:53  Overlord  
  89  12:25  Roach x2  
  89  12:26  Roach x14  
  106  12:44  Overseer  
Show
View Real Time Build Order
Export as new Build Order

KTHoeJJa Zerg 

Build Orders: Pool First 

Get SALT Encoding   

  12  0:01  Drone  
  13  0:12  Overlord  
  13  0:20  Drone  
  14  0:32  Drone x2  
  16  0:37  Drone  
  17  0:47  Spawning Pool  
  17  0:49  Extractor  
  15  0:55  Drone, Extractor  
  16  0:58  Drone  
  17  1:07  Drone  
  18  1:23  Overlord  
  18  1:37  Hatchery  
  17  1:41  Queen  
  19  1:48  Zergling x2  
  19  1:50  Zergling x2  
  21  1:58  Metabolic Boost  
  21  2:00  Drone  
  22  2:04  Drone  
  23  2:14  Drone  
  24  2:19  Queen  
  26  2:26  Drone  
  27  2:34  Drone  
  28  2:43  Overlord  
  27  2:52  Queen  
  27  2:57  Queen  
  31  3:01  Zergling x10  
  36  3:10  Drone  
  37  3:14  Drone  
  38  3:30  Drone x2  
  38  3:31  Baneling Nest, Drone x4  
  43  3:35  Drone  
  43  3:38  Overlord  
  43  3:44  Overlord  
  43  4:02  Roach Warren, Lair  
  43  4:04  Extractor  
  41  4:10  Drone x2  
  41  4:11  Drone x3  
  46  4:31  Evolution Chamber  
  46  4:33  Drone x4  
  46  4:34  Drone x2  
  46  4:36  Evolution Chamber  
  50  4:45  Zergling x12  
  56  4:54  Baneling  
  56  4:55  Baneling x4  
  56  5:00  Glial Reconstitution  
  56  5:04  Extractor x2  
  54  5:12  Overlord  
  53  5:14  Drone x2  
  53  5:15  Drone x3  
  57  5:32  Zergling x2  
  57  5:33  Zergling x4  
  58  5:36  Spine Crawler  
  58  5:40  Zergling x6  
  58  5:41  Zergling x4  
  55  5:47  Baneling  
  55  5:55  Roach x2  
  59  5:58  Zerg Missile Weapons Level 1, Zerg Ground Armor Level 1  
  59  6:00  Drone x2  
  61  6:08  Baneling x5  
  60  6:18  Baneling x2  
  60  6:19  Baneling  
  60  6:24  Hatchery, Roach x4  
  67  6:33  Overlord x2  
  67  6:41  Overlord x2  
  67  6:48  Ravager  
  68  6:57  Overlord x2  
  68  6:58  Roach  
  68  7:00  Hydralisk Den, Ravager x2  
  71  7:06  Hatchery  
  70  7:10  Roach x3  
  76  7:16  Roach x2  
  76  7:21  Roach x2  
  84  7:24  Roach  
  86  7:32  Roach x2  
  86  7:43  Overseer  
  86  7:44  Overseer  
  79  7:45  Roach x3  
  79  7:50  Drone x3  
  85  7:57  Roach x3  
  81  8:06  Drone x4  
  81  8:12  Drone x3  
  88  8:22  Roach x3  
  88  8:25  Ravager  
  88  8:26  Ravager x2  
  97  8:31  Drone x2  
  97  8:32  Drone x2  
  101  8:34  Overseer  
  101  8:35  Overseer  
  101  8:36  Overseer  
  101  8:41  Spore Crawler  
  101  8:42  Spore Crawler  
  101  8:46  Queen  
  101  8:53  Zerg Ground Armor Level 2  
  101  8:55  Drone  
  102  8:56  Drone  
  102  8:59  Drone  
  102  9:01  Drone x2  
  102  9:02  Drone  
  107  9:10  Zerg Missile Weapons Level 2  
  107  9:13  Drone x5  
  112  9:18  Extractor  
  112  9:19  Extractor  
  110  9:26  Drone x4  
  110  9:28  Overlord x2  
  114  9:47  Roach  
  114  9:48  Roach x3  
  114  9:49  Roach x2  
  114  9:51  Roach x2  
  127  9:54  Roach  
  123  10:01  Roach x2  
  115  10:08  Roach  
  115  10:12  Roach x4  
  93  10:39  Roach x4  
  93  10:40  Roach  
  93  10:42  Roach  
  101  10:55  Hatchery  
  98  10:57  Roach x2  
  102  11:05  Ravager x2  
  102  11:06  Ravager x4  
  102  11:07  Roach x2  
  112  11:12  Hatchery  
  112  11:15  Zergling x8  
  112  11:16  Drone x4  
  113  11:31  Extractor  
  116  11:32  Roach  
  116  11:33  Roach  
  116  11:36  Extractor  
  115  11:40  Roach  
  115  11:41  Roach  
  119  11:49  Infestation Pit, Roach x2  
  119  11:50  Roach  
  119  11:51  Overlord x2  
  111  12:08  Roach x5  
  97  12:12  Roach  
  97  12:15  Roach  
  88  12:21  Roach x2  
  85  12:25  Roach  
  85  12:29  Roach  
  85  12:36  Roach x2  
  81  12:42  Roach  
Tags
 
Add a new tag
Caveats
  • Supply blocks, unpowered buildings, or Contaminate may cause inaccurate times.
  • Supply counts are checked every 10 seconds.